[Event "2nd Serbia Open Masters 2022"]
[Site "Novi Sad"]
[Date "2022.06.28"]
[Round "1.37"]
[White "Koustav Chatterjee"]
[Black "Leskur, Dejan"]
[Result "1-0"]
[ECO "A88"]
[WhiteElo "2485"]
[BlackElo "2265"]
[Annotator "TA"]
[PlyCount "81"]
[EventDate "2022.06.28"]
[EventType "swiss"]
[EventCountry "SRB"]
[SourceTitle "playchess.com"]
[Source "ChessBase"]
[SourceQuality "1"]
[TimeControl "40/5400+30:900+30"]

1. d4 g6 2. Nf3 Bg7 3. c4 f5 4. g3 Nf6 5. Bg2 O-O 6. O-O d6 7. Nc3 c6 8. d5 Bd7 9. Nd4 Qb6 10. Rb1 {[%emt 0:18:32] A88: Dutch Defence: Leningrad System: 5 Nf3 0-0 6 0-0 d6 7 Nc3 c6.} a5 11. e3 Na6 {[%emt 0:01:52] [#]} 12. Nce2 $146 (12. b3 $14) ({Predecessor:} 12. b3 Rfe8 13. Bb2 e5 14. dxe6 Bxe6 15. Nxe6 Rxe6 16. Ne2 Rd8 17. Nf4 Ree8 18. Qc2 Qc7 19. a3 Nc5 20. b4 axb4 21. axb4 Nce4 22. Rfc1 Ng4 {½-½ (22) Pogorelov,R (2445)-Marin,M (2520) Berga 1995}) 12... cxd5 13. cxd5 Nb4 14. Nc3 Rfc8 15. a3 Na6 {[%emt 0:00:11][%cal Oc8c3] [#] And now ...Rxc3! would win.} 16. Nce2 Nc7 17. Nf4 Ne4 18. Qd3 {[%emt 0:15:02] Against Nc3} Nc5 (18... Na6 {looks sharper.} 19. Bd2 Bxd4 20. exd4 Bb5) 19. Qe2 Nb5 20. Bd2 Nxd4 21. exd4 Nb3 (21... Ne4 $15 22. Bxe4 fxe4) 22. Bc3 $14 Re8 23. Rbd1 Qb5 (23... Nxd4 24. Qe3 $16) (23... Bxd4 $2 24. Bxd4 Nxd4 25. Qe3 $18) 24. Qe3 (24. Rd3 $5 ) 24... Rac8 (24... Qa4 $11) 25. h4 $16 Bh6 26. h5 Qc4 (26... Qb6 $16 27. Rfe1 (27. hxg6 hxg6 28. Qf3 Kg7 $16) 27... Qc7) 27. Qf3 (27. Rfe1 $18) 27... Kf7 (27... g5 $16 28. Ne6 Bxe6 29. dxe6 b5) 28. Ne6 b5 $2 (28... Bxe6 29. dxe6+ Kg8) 29. hxg6+ $18 hxg6 30. g4 Bxe6 31. dxe6+ Kxe6 $2 (31... Qxe6 $2 32. Rfe1 Qf6 33. Qd5+ e6 34. Qxb3 $18) (31... Kg8) 32. Rfe1+ {[%emt 0:04:00][%mdl 64] [#] Deflection} Kd7 33. Bf1 {[%emt 0:00:06] Chess con chili.} (33. gxf5 b4 $18) 33... Qc6 34. d5 ({Weaker is} 34. Qe2 e6 $16) (34. Qh3 $18 {and White stays clearly on top.}) 34... Qb6 $16 35. Qe2 (35. gxf5 $142 gxf5 36. Qxf5+ Kc7 37. Qc2 (37. Bh3 Rg8+ 38. Kh1 Rcf8 $18)) 35... Rb8 $2 {[%emt 0:01:04][%mdl 8192] Loses the game.} (35... b4 $16 36. axb4 axb4 37. Qb5+ (37. Bh8 Bd2 $15) 37... Kc7 38. Bxb4 Rb8 39. Qxb6+ (39. Qc4+ Kd8 $16) 39... Rxb6) 36. Qe6+ $18 Kc7 37. Qxg6 b4 38. Bf6 {[%emt 0:01:13] A strong pair of Bishops.} ({Not} 38. Qxh6 bxc3 39. bxc3 fxg4 $16) 38... Nd2 39. Kg2 {[%emt 0:01:16] Inhibits Nf3. Threatens to win with Rc1+.} Bf4 40. Qxf5 {[%emt 0:00:00] Rc1+ is the strong threat.} exf6 41. Rc1+ {[%emt 0:01:27] Weighted Error Value: White=0.37/Black=0.71} 1-0

[Event "2nd Serbia Open Masters 2022"]
[Site "Novi Sad"]
[Date "2022.06.28"]
[Round "1.38"]
[White "Saurabh Anand"]
[Black "Song, Raymond"]
[Result "1/2-1/2"]
[ECO "B92"]
[WhiteElo "2263"]
[BlackElo "2485"]
[Annotator "TA"]
[PlyCount "92"]
[EventDate "2022.06.28"]
[EventType "swiss"]
[EventCountry "SRB"]
[SourceTitle "playchess.com"]
[Source "ChessBase"]
[SourceQuality "1"]
[TimeControl "40/5400+30:900+30"]

1. e4 c5 2. Nf3 d6 3. d4 cxd4 4. Nxd4 Nf6 5. Nc3 a6 6. Be2 e5 7. Nf3 Be7 8. Bg5 Be6 {[%emt 0:00:29] B92: Sicilian Najdorf: 6 Be2.} 9. Bxf6 Bxf6 10. Nd5 Nd7 11. Bc4 O-O 12. O-O Qc8 {[%emt 0:00:31] [#]} 13. Nxf6+ $146 ({Predecessor:} 13. Qe2 Bd8 14. Rad1 b5 15. Bb3 Nc5 16. c3 Nxb3 17. axb3 Qb7 18. b4 g6 19. h4 {0-1 (72) Krysa,L (2527)-Mekhitarian,K (2554) Chess.com INT 2021}) 13... Nxf6 14. Bxe6 Qxe6 15. Re1 Rfc8 16. c3 Rc4 17. Nd2 Rc6 18. Qb3 Qe7 19. Nc4 Qc7 20. Ne3 g6 (20... Nxe4 $2 21. Nd5 Nc5 22. Nxc7 $18) 21. Rad1 b5 22. Nd5 Nxd5 23. Rxd5 Rb8 24. Red1 Rbb6 25. Qa3 Kg7 26. f3 Qe7 27. Qb3 Qg5 28. Qc2 h5 29. Qd2 Qf6 30. Qe3 h4 31. h3 a5 32. Qd3 b4 33. Rxa5 bxc3 34. bxc3 Rb2 35. Rd2 Rcb6 {[%emt 0:11:16] [#] Hoping for ...Qg5.} 36. Qe3 {[%emt 0:00:22] Inhibits Qg5.} (36. Rxb2 $11 Rxb2 37. Qe3) 36... Rxd2 (36... Rb1+ $15 37. Kf2 Qe7) 37. Qxd2 $15 {[%emt 0:00:18][%mdl 4096] Endgame KQR-KQR} Qd8 (37... Rb1+ {is more complex.} 38. Kh2 d5 39. Qe3 d4) 38. Kh2 Qc7 {[%emt 0:05:19] ...Rb1 is the strong threat.} (38... Rb1 $5 39. Ra6 Ra1 $14) 39. Ra4 Rb1 {[%emt 0:02:14] The position is equal.} 40. Rb4 Ra1 41. Qb2 Rf1 42. Rb8 Qe7 (42... Qc5 $5 43. Qb6 Qxc3 44. Qxd6 (44. Qd8 Rh1+ 45. Kxh1 Qe1+ 46. Kh2 Qg3+ 47. Kh1 Qe1+ 48. Kh2 Qg3+ 49. Kh1 Qe1+ $11) 44... Rh1+ 45. Kxh1 Qe1+ 46. Kh2 Qg3+ 47. Kh1 Qe1+ 48. Kh2 Qg3+ 49. Kh1 Qe1+ $11) 43. Qe2 Ra1 44. Qb2 Rf1 45. Qe2 Ra1 {[%emt 0:00:05] [#] ( -> ...Qa7)} 46. Qb2 Rf1 {[%emt 0:00:05] Weighted Error Value: White=0.10 (very precise) /Black=0.09 (flawless)} 1/2-1/2

[Event "2nd Serbia Open Masters 2022"]
[Site "Novi Sad"]
[Date "2022.06.28"]
[Round "1.39"]
[White "Pranav Vijay"]
[Black "Markidis, Konstantinos"]
[Result "1-0"]
[ECO "C11"]
[WhiteElo "2265"]
[BlackElo "2259"]
[Annotator "TA"]
[PlyCount "109"]
[EventDate "2022.06.28"]
[EventType "swiss"]
[EventCountry "SRB"]
[SourceTitle "playchess.com"]
[Source "ChessBase"]
[SourceQuality "1"]
[TimeControl "40/5400+30:900+30"]

1. e4 e6 2. d4 d5 3. Nc3 Nf6 4. e5 Nfd7 5. f4 c5 6. Nf3 Nc6 7. Be3 Be7 8. Qd2 a6 9. Be2 O-O {[%emt 0:02:06] C11: French: Classical System: 4 e5 and 4 Bg5 dxe4.} 10. O-O b5 11. Nd1 b4 {[%emt 0:07:01] The position is equal.} 12. c3 a5 13. Nf2 Ba6 14. g4 bxc3 15. bxc3 cxd4 16. cxd4 Nb6 17. Bxa6 Rxa6 18. Qe2 Nc4 {[%emt 0:02:05] [#]} 19. Bc1 $146 (19. Nd2 $15 {was preferrable.}) ({Predecessor:} 19. Nd3 Nb4 20. Bf2 Nxd3 21. Qxd3 Qb8 22. f5 Rc6 23. f6 gxf6 24. Bh4 Qd8 25. exf6 Bxf6 {0-1 (42) Eric,J (2276)-Pastar,S (2374) Belgrade 2021}) 19... Qb6 $17 20. Rd1 Raa8 21. h4 (21. Kh1 $15) 21... Rab8 22. h5 Rfe8 (22... a4 $17 23. f5 Rfc8) 23. h6 g6 24. f5 a4 25. Bf4 {[%emt 0:03:31] [#]} (25. Kh1 $17) 25... Qa7 $1 $19 (25... exf5 26. gxf5 Rb7 27. Ng4 $11) 26. Bc1 {[%emt 0:25:01] [#]} a3 $1 (26... gxf5 27. gxf5 Kh8 28. Kh1 $17) 27. Kg2 Rb4 (27... Rb7 $142 28. Kh1 Nb2) 28. Nd3 $17 Rbb8 (28... Rb7 $17 29. Qf2 Rbb8) 29. Qf2 (29. Nf2 $1 $11 {was the only way to keep the balance.}) 29... Qd7 (29... gxf5 30. gxf5 Kh8 31. Kh1 $15 (31. Qg3 $2 Rg8 $19)) 30. Ng5 exf5 31. gxf5 {[%emt 0:00:10] Black must now prevent e6.} Qxf5 32. Qxf5 gxf5 33. Nf3 Nb4 (33... Kh8 $17 {Threatens to win with ...Rg8+.} 34. Rg1 Rg8+ 35. Kf2 Rg4) 34. Nxb4 $1 $11 Rxb4 35. Kh3 Rb6 36. Bf4 Rg6 37. Rg1 Rb8 38. Rxg6+ fxg6 39. Bg5 $1 Bf8 40. Re1 $1 Rb7 (40... Rc8 $11) 41. e6 $14 Be7 42. Bxe7 Rxe7 {[%emt 0:00:06][%mdl 4096] Endgame KRN-KRN} 43. Kg3 Kf8 44. Kf4 {[%emt 0:03:12][%mdl 1024] White has compensation.} Rb7 45. Ng5 Nb2 (45... Ke8 $1 $14) 46. Re2 {[%emt 0:04:20] White is more active.} (46. e7+ $6 Rxe7 47. Rxe7 Kxe7 48. Nxh7 Nd3+ 49. Ke3 Nc1 $11) (46. Re3 $16 Nc4 47. e7+ Rxe7 48. Rb3 (48. Rxe7 Kxe7 49. Nxh7 Nd6 $17)) 46... Nc4 47. Kf3 ({Inferior is} 47. e7+ Rxe7 48. Rxe7 Kxe7 49. Nxh7 Nd6 $17) (47. Rh2 $14) 47... Ke8 ({Black should play} 47... Nd6 $11) 48. Re1 $1 Nd6 49. Kf4 {[%emt 0:03:07] And now Ke5 would win.} Nc4 50. Nxh7 Rxh7 $11 51. Kg5 Rb7 {[%emt 0:02:15][%mdl 8192] Against Rb1} (51... Rh8 $11 {and Black is okay.}) 52. Kxg6 Rb2 $2 (52... Rb8 53. Kf6 Rb7) 53. Rh1 $18 {[%emt 0:01:57] White wants to mate with h7.} Rg2+ 54. Kf6 {[%emt 0:00:27] Threatening mate with h7.} Nd6 55. h7 {[%emt 0:18:06] White used his chance.  Weighted Error Value: White=0.16 (very precise) /Black=0.47} 1-0

[Event "2nd Serbia Open Masters 2022"]
[Site "Novi Sad"]
[Date "2022.06.28"]
[Round "1.40"]
[White "Krasteva, Beloslava"]
[Black "Karthik Venkataraman"]
[Result "1/2-1/2"]
[ECO "E48"]
[WhiteElo "2268"]
[BlackElo "2480"]
[Annotator "TA"]
[PlyCount "103"]
[EventDate "2022.06.28"]
[EventType "swiss"]
[EventCountry "SRB"]
[SourceTitle "playchess.com"]
[Source "ChessBase"]
[SourceQuality "1"]
[TimeControl "40/5400+30:900+30"]

1. d4 Nf6 2. c4 e6 3. Nc3 Bb4 4. e3 O-O 5. Bd3 d5 6. cxd5 exd5 7. Nge2 Re8 8. O-O Bd6 {[%emt 0:02:47] 8...Bf8 is not played anymore.} 9. Bd2 {[%emt 0:00:51] E48: Nimzo-Indian: Rubinstein: 5 Bd3 d5 including 6 Ne2, but excluding 6 a3.} c6 10. f3 c5 11. Nb5 c4 12. Nxd6 Qxd6 13. Bc2 {[%emt 0:00:45] [#]} b5 $146 ({Predecessor:} 13... Nc6 14. a4 b6 15. Ra3 Bd7 16. Be1 a6 17. Qd2 h6 18. Nc3 Rad8 19. Bh4 Bc8 {1-0 (47) Raupach,F (2280)-Soltau,A GER email 2009}) 14. Qe1 Nc6 15. Rd1 a5 16. Qh4 b4 17. Bc1 Ba6 18. Rfe1 Ne7 19. Nf4 Qb6 20. e4 b3 21. axb3 cxb3 22. Bb1 Ng6 {[%emt 0:00:23] Inhibits e5.} (22... dxe4 $14 23. fxe4 Ng6 24. Nxg6 hxg6) 23. Qf2 (23. Nxg6 $16 fxg6 24. e5) 23... Bc4 (23... dxe4 $11 24. fxe4 Rac8) 24. e5 $16 Nd7 (24... Nxf4 $142 25. Bxf4 Nd7) 25. Nh5 Ngf8 26. f4 ({Weaker is} 26. Qg3 g6 $11) 26... g6 27. Ng3 {[%emt 0:00:46] f5 is the strong threat.} f6 28. exf6 ({White should try} 28. Nf1 $18) 28... Qxf6 29. f5 a4 30. Nf1 Rxe1 31. Rxe1 Bxf1 32. Rxf1 g5 33. Qe3 {[%emt 0:04:59] Against Re8} h6 34. h4 gxh4 35. Qxh6 (35. Qf3 $16 Kh8 36. Qxd5) 35... Qxh6 $11 36. Bxh6 a3 37. bxa3 Rxa3 38. f6 Kf7 {[%emt 0:00:37] Strongly threatening ...b2.} 39. Rf3 $1 Ne6 40. Bc1 {[%emt 0:00:00] A strong pair of Bishops.} Ra1 ({Don't take} 40... Nxd4 41. Bxa3 Nxf3+ 42. gxf3 $16) 41. Rxb3 Nxd4 42. Rb2 Nxf6 (42... Ne2+ $5 43. Rxe2 Rxb1 $15) 43. Kh2 {[%emt 0:01:21] The position is equal.} Ne4 44. Bxe4 dxe4 {[%emt 0:00:04][%cal Bd5e4,Be4e3,Be3e2][%mdl 4128] Endgame KRB-KRN} 45. Bg5 Nf5 46. Rb6 {[%emt 0:02:16] [#] And now Rf6+ would win.} Rf1 47. Rf6+ Kg8 48. Bxh4 e3 49. g4 {[%emt 0:00:52] [#]} Nxh4 50. Rxf1 e2 51. Ra1 {[%emt 0:01:10] Black must now prevent Kg3.} Nf3+ 52. Kg3 {[%emt 0:00:05] Black defended with fortune.  Weighted Error Value: White=0.11 (very precise) /Black=0.13 (very precise)} 1/2-1/2

[Event "2nd Serbia Open Masters 2022"]
[Site "Novi Sad"]
[Date "2022.06.28"]
[Round "1.41"]
[White "Ramoutar, Alan-Safar"]
[Black "Adarsh Tripathi"]
[Result "0-1"]
[ECO "B23"]
[WhiteElo "2477"]
[BlackElo "2179"]
[Annotator "TA"]
[PlyCount "104"]
[EventDate "2022.06.28"]
[EventType "swiss"]
[EventCountry "SRB"]
[SourceTitle "playchess.com"]
[Source "ChessBase"]
[SourceQuality "1"]
[TimeControl "40/5400+30:900+30"]

1. e4 c5 2. Nc3 Nc6 3. Bb5 Nd4 4. Nf3 Nxb5 5. Nxb5 g6 6. d4 {[%emt 0:01:24] B23: Closed Sicilian: Lines without g3.} Bg7 7. e5 {[%emt 0:01:59] Inhibits Nf6.} Qa5+ 8. Nc3 {[%emt 0:00:12] White is slightly better.} cxd4 9. Qxd4 d6 10. Qd5 $1 {[%emt 0:01:39] [#]} Qb6 $146 ({Predecessor:} 10... Qd8 11. exd6 exd6 12. Bf4 Be6 13. Qxd6 Qxd6 14. Bxd6 Nh6 15. Be5 f6 16. Bd4 O-O {1-0 (61) Janaszak,D (2348)-Lomaia,D (2111) Chess.com INT 2021}) 11. Qb5+ (11. Ng5 $5 Nh6 12. exd6 $14) 11... Qc6 (11... Qxb5 12. Nxb5 Kd8 13. exd6 $16) (11... Bd7 $11 {should be considered.} 12. Qxb6 axb6) 12. Nd4 ({White should play} 12. Qxc6+ $14 bxc6 13. exd6) 12... Qd7 $11 ({Resist} 12... Qxb5 13. Ndxb5 Kf8 14. exd6 $16) 13. Nd5 (13. Qxd7+ $11 {keeps the balance.} Bxd7 14. Ndb5) 13... Bxe5 {[%emt 0:02:32] White is on the road to losing.} (13... dxe5 $17 14. Nc7+ Kf8 15. Qxd7 (15. Nde6+ fxe6 16. Qxd7 Bxd7 $11) 15... Bxd7 16. Nde6+ fxe6 17. Nxa8 Nf6) 14. Nc7+ Kd8 $1 15. Nxa8 Bxd4 16. Qxd7+ Bxd7 17. c3 Bg7 {[%emt 0:01:02] Black is more active. This bishop pair is nice.} 18. Be3 b6 $1 19. Nxb6 axb6 20. Bxb6+ {[%emt 0:00:05] [#]} Kc8 $1 21. O-O Nf6 22. Rfd1 Kb7 23. Bd4 e5 24. Be3 d5 25. a4 Ra8 26. a5 Bb5 27. h3 Kc6 28. b3 {[%emt 0:00:28] [#]} Ba6 $1 {[%emt 0:01:31] Prevents c4.} 29. Rdc1 (29. f4 {is a better defense.}) 29... Nd7 30. c4 (30. Ra4 $142) 30... d4 $19 31. Bd2 Nc5 32. b4 Nb3 $1 33. b5+ Kc7 34. bxa6 Nxd2 35. Ra2 Ne4 36. Rb1 Rxa6 {[%emt 0:00:07] Strongly threatening ...Nc3.} 37. Rab2 Nc5 {[%emt 0:00:46] Prevents Rb7+.} 38. Rb5 Bf8 39. Rb8 Nd7 40. R8b5 Bc5 {[%emt 0:00:00] Black is clearly winning.} 41. Kf1 f5 42. Rb7+ Kc6 43. R1b5 {[%emt 0:01:00][%cal Ob7d7] [#]} Rxa5 $3 44. Rxa5 (44. Rb1 Ra4) 44... Kxb7 45. Ke2 e4 {[%emt 0:00:05] Threatens to win with ...d3+.} 46. Rb5+ Kc6 47. Rb3 d3+ 48. Ke1 Ne5 49. Rb8 Nxc4 50. Rc8+ Kd5 {[%emt 0:00:21] And now ...Bb4+ would win.} 51. Rd8+ Ke5 {[%emt 0:00:07] aiming for ...Bb4+.} 52. Rd7 Bb4+ {[%emt 1:28:05] Weighted Error Value: White=0.64/Black=0.05 (flawless)} 0-1

[Event "2nd Serbia Open Masters 2022"]
[Site "Novi Sad"]
[Date "2022.06.28"]
[Round "1.42"]
[White "Gavrilov, Maxim"]
[Black "Raja Harshit"]
[Result "1-0"]
[ECO "E21"]
[WhiteElo "2120"]
[BlackElo "2479"]
[Annotator "TA"]
[PlyCount "105"]
[EventDate "2022.06.28"]
[EventType "swiss"]
[EventCountry "SRB"]
[SourceTitle "playchess.com"]
[Source "ChessBase"]
[SourceQuality "1"]
[TimeControl "40/5400+30:900+30"]

1. d4 Nf6 2. c4 e6 3. Nc3 Bb4 4. Nf3 O-O 5. Bg5 c5 6. Rc1 h6 {[%emt 0:04:36] E21: Nimzo-Indian: 4 Nf3.} 7. Bh4 d5 8. cxd5 exd5 {[%emt 0:00:51] White is slightly better.} 9. dxc5 g5 10. Bg3 Ne4 {[%emt 0:01:50] [#] Against Bd6} 11. Bd6 $146 (11. e3 $1 $14) ({Predecessor:} 11. e3 Qa5 12. Be5 Qxa2 13. Bd3 Qxb2 14. Bxe4 dxe4 15. Rc2 Qb3 16. Nd2 Qe6 17. Bd6 {0-1 (23) Ponomariov,R (2737)-Kramnik,V (2790) Nice 2010}) 11... Re8 12. e3 Qf6 (12... Nc6 $11) 13. Qd4 $14 (13. Qxd5 $6 g4 14. Bd3 Nxd6 $11) 13... Bxc3+ 14. bxc3 Qf5 15. Bxb8 {[%emt 0:07:21] White is more active.} Rxb8 16. Bb5 ({White should try} 16. h3 $16) 16... Bd7 $11 17. Bxd7 Qxd7 18. c4 Rbd8 19. O-O dxc4 20. Qxd7 Rxd7 21. Rxc4 g4 $1 22. Nh4 h5 23. c6 Rc7 ({Better is} 23... bxc6 $14 24. Rxc6 Rd5) 24. Rfc1 $16 Rxc6 25. Rxc6 bxc6 {[%emt 0:00:02][%mdl 4096] Endgame KRN-KRN} 26. f3 $1 (26. Rxc6 Rb8 27. Rc1 Nc3 $11) 26... Ng5 27. Rc5 (27. Rxc6 $6 gxf3 28. gxf3 Rxe3 $11) 27... f6 28. Rxc6 gxf3 29. gxf3 (29. Rxf6 {seems wilder.} f2+ 30. Kf1 Ne4 31. Rf4) 29... Rxe3 30. Rxf6 Nf7 (30... Kh7 $142) 31. Rg6+ Kf8 32. Ra6 {[%emt 0:00:47] Against Ra3} Re2 33. Ng6+ Kg8 34. Nf4 Rc2 35. Nxh5 ({Don't take} 35. Rxa7 $6 Ng5 $14) 35... Ne5 36. Ra3 ({Don't do} 36. Rxa7 $6 Nxf3+ 37. Kf1 Rd2 $14) 36... a5 37. Nf6+ ({Resist} 37. Rxa5 $6 Nxf3+ 38. Kf1 Rd2 $14) 37... Kf7 {[%emt 0:00:31] [#] And now ...Nc4 would win.} 38. Ng4 $1 Nc4 39. Ra4 {[%emt 0:01:29][%cal Oa4c4] Threatens to win with Rxc4!} Ke6 40. h4 Kd6 41. h5 {[%emt 0:08:43] h6 is the strong threat.} Kc5 $2 (41... Ke7 42. f4 Kf8) 42. h6 $18 Rd2 43. f4 Rd8 {[%emt 0:09:21] aiming for ...Rg8.} 44. Ne5 Rd1+ 45. Kh2 Rd2+ 46. Kh3 Ne3 47. h7 Rd1 48. Rxa5+ Kb6 49. Ra3 Rh1+ 50. Kg3 Nd5 51. Rd3 Kc5 {[%emt 0:00:21] [#]} 52. Rxd5+ $1 Kxd5 {[%emt 0:00:12] [#]} 53. Ng4 $1 {[%emt 0:04:20] Weighted Error Value: White=0.11 (very precise) /Black=0.18 (very precise)} 1-0

[Event "2nd Serbia Open Masters 2022"]
[Site "Novi Sad"]
[Date "2022.06.28"]
[Round "1.43"]
[White "Arjun Kalyan"]
[Black "Holland, James P"]
[Result "1/2-1/2"]
[ECO "B72"]
[WhiteElo "2477"]
[BlackElo "2238"]
[Annotator "TA"]
[PlyCount "151"]
[EventDate "2022.06.28"]
[EventType "swiss"]
[EventCountry "SRB"]
[SourceTitle "playchess.com"]
[Source "ChessBase"]
[SourceQuality "1"]
[TimeControl "40/5400+30:900+30"]

1. e4 c5 2. Nf3 d6 3. d4 cxd4 4. Nxd4 Nf6 5. Nc3 g6 6. Be3 a6 7. f3 {[%emt 0:00:47] B72: Sicilian Dragon: 6 Be3, lines with h3+Bc4 and sidelines.} h5 8. Qd2 e5 9. Nb3 {[%emt 0:00:48] White is slightly better.} Be6 10. Nd5 Bxd5 11. exd5 Nbd7 12. O-O-O Qc7 13. Kb1 Bg7 14. c4 O-O 15. h3 Rfc8 16. g4 a5 {[%emt 0:11:22] [#]} 17. g5 $146 ({Predecessor:} 17. Rc1 a4 18. Na1 a3 19. b3 Nc5 20. Rg1 hxg4 21. hxg4 e4 22. f4 Nfd7 23. Rh1 {1-0 (35) Mihajlov,S (2387)-Dominguez Perez,L (2763) chess24.com INT 2020}) 17... Ne8 18. a3 a4 19. Na1 (19. Nc1 $14) 19... Qa5 (19... Qd8 $11) 20. Qxa5 $14 Rxa5 21. h4 Nc5 22. Bh3 Rb8 23. Nc2 Bf8 24. Nb4 {[%emt 0:00:45] White is more active.} (24. Rhe1 $16) 24... Ng7 $11 25. f4 e4 (25... exf4 $11 26. Bxf4 Nb3) 26. Nc2 (26. Rhg1 $14 {should be considered.}) 26... Nf5 27. Bxf5 gxf5 28. Nd4 Nd3 29. Nxf5 ({White should try} 29. Rd2 $14) 29... b5 $1 30. Bd2 Ra6 31. Bc3 {[%emt 0:02:09] Inhibits Bg7. Threatens to win with Rdg1.} bxc4 32. Rd2 Rab6 33. Rf1 Rb5 34. Nd4 (34. Rg2 $11) 34... Rxd5 $15 {[%emt 0:00:20] Hoping for ...Bg7.} 35. f5 Rc5 36. Rg2 Ne5 37. g6 Ng4 $36 {[%emt 0:00:22][%mdl 2048] And now ...Ne3 would win. Black has good play.} 38. gxf7+ Kxf7 39. Ne6 $2 (39. Re2 $1 $15) 39... Ne3 $19 40. Nxc5 dxc5 ({Don't take} 40... Nxg2 41. Nxe4 Ke7 42. Rd1 $16) 41. Rfg1 {[%emt 0:02:51] Black must now prevent Rg5.} ({Wrong is} 41. Be5 $2 Re8 42. Rgf2 Rxe5 $19) 41... Nxg2 42. Rxg2 {[%emt 0:00:01][%mdl 4096] Endgame KRB-KRB} e3 43. Kc2 {[%emt 0:00:51] [#]} Re8 (43... Rd8 $142 $1 {[%cal Od8d4] aiming for ...Rd4!} 44. Rg6 Rd6) 44. Kd1 $17 Re4 45. Ke2 Rxh4 46. Rg6 {[%emt 0:06:02] Against Bh6} Re4 (46... Rg4 $1 $15 47. Rxg4 hxg4 48. Kxe3 Bd6) 47. Rf6+ Kg8 48. Rg6+ Kf7 49. Rg5 Rh4 (49... h4 $11) 50. Rg6 {[%emt 0:00:43] [#]} Re4 (50... Rg4 $1 $17 51. Rxg4 hxg4 52. Kxe3 Bh6+ 53. Ke4 Bc1) 51. Kf3 Re7 52. Rf6+ (52. Ke2 $1 $11 {remains equal.}) 52... Kg8 (52... Ke8 $17 {...Bg7 is the strong threat.} 53. Ra6 e2) 53. Rg6+ $11 Kf7 (53... Kh7 $11) 54. Rf6+ $15 Kg8 ({Black should play} 54... Ke8 $15 55. Ra6 e2) 55. Ra6 $2 (55. Rg6+ $11 {and White has nothing to worry.} Kf7) 55... e2 $19 56. Kf2 (56. Be1 $142 Bg7 57. f6) 56... h4 57. Rg6+ Kf7 58. Rg4 h3 59. f6 Re6 60. Rh4 e1=B+ 61. Bxe1 Rxf6+ 62. Kg3 Re6 63. Bc3 Bg7 $2 (63... Re3+ $19 64. Kf4 Rd3) 64. Rf4+ $11 {[%emt 0:00:28] The position is equal.} Bf6 65. Kxh3 Ke7 {[%emt 0:00:16] Strongly threatening ...Bxc3.} 66. Rxc4 Re3+ 67. Kg4 Bxc3 68. bxc3 {[%emt 0:00:21] KR-KR} Kd6 69. Rxa4 Rxc3 70. Ra8 Rc1 71. Kf3 Re1 72. a4 Kc6 73. Rc8+ Kb6 74. Rb8+ Ka5 75. Rb5+ Kxa4 76. Rxc5 {[%emt 0:00:02] Whites escaped into a draw.  Weighted Error Value: White=0.26 (precise) /Black=0.14 (very precise)} 1/2-1/2